AoeStats
← KDA HDT

Nomad

509092516Analyzed
4v4 RM · 7d ago on Sep 25, 2026· 25m 36s· 8 players
Game mode
Random Map
Map size
231×231
Population
200
Speed
Normal
Resources
Standard
Victory
Conquest
Starting age
Dark Age
Ending age
Imperial Age
RankedLock teamsTeams togetherTeam positionsShared explorationLock speedFull tech treeHidden civsTurbo modeCheats
Victory
Defeat
🇺🇸 Huns · United States
1835
+15
🇻🇳 Malay · Vietnam
1771
+18
🇻🇳 Georgians · Vietnam
1757
+18
🇻🇳 Koreans · Vietnam
1711
+20
🇹🇷 Romans · Türkiye
1968
-24
🇨🇳 Turks · China
1846
-19
🇨🇱 Celts · Chile
1782
-17
1630
-11
watoncito
4:40 Loom
14:00 Feudal Age
18:24 Castle Age
16:10 Double-Bit Axe
16:41 Horse Collar
19:22 Bow Saw
Honda
5:29 Loom
12:48 Feudal Age
13:15 Double-Bit Axe
14:18 Fletching
21:47 Castle Age
22:45 Medium Warships
22:31 Bodkin Arrow
24:25 Ballistics
自有大儒为我辩经
5:17 Loom
14:05 Feudal Age
17:43 Castle Age
15:45 Fletching
16:49 Double-Bit Axe
17:20 Fishing Lines
18:24 Bodkin Arrow
25:13 Horse Collar
3046964519
5:07 Loom
13:08 Feudal Age
13:46 Double-Bit Axe
13:53 Gold Mining
15:41 Forging
22:49 Castle Age
22:30 Bloodlines
ĐLucky
13:22 Feudal Age
18:59 Castle Age
17:29 Double-Bit Axe
17:25 Fishing Lines
19:02 Medium Warships
19:03 Bow Saw
21:16 Wheelbarrow
20:36 Gillnets
21:24 Forging
23:52 Horse Collar
25:11 Loom
KDA HDT
4:38 Loom
13:17 Feudal Age
14:48 Double-Bit Axe
17:39 Castle Age
19:25 Scale Barding Armor
25:29 Horse Collar
NaiLiu
4:32 Loom
14:29 Feudal Age
20:46 Castle Age
18:57 Stone Mining
DL-ĐệNhị
9:55 Loom
12:22 Feudal Age
17:56 Castle Age
18:19 Double-Bit Axe
18:50 Medium Warships
20:54 Bow Saw
24:43 Clinker Construction
26:09 Careening
Connection lost

Rejoining the realm…

Still unreachable

The connection could not be restored.

Session expired

The server has moved on; the page needs a fresh start.